 Dungeon Crawl Stone Soup version 0.28-a0-245-g639a1a48b9 (webtiles) character file.

Game seed: 11135350907532938375

5786 theanonym the Martial Artist (level 10, -4/73 HPs)
             Began as an Octopode Monk on Aug 24, 2021.
             Was a High Priest of Cheibriados.
             Slain by a yak (13 damage)
             ... on level 8 of the Dungeon.
             The game lasted 00:15:45 (10707 turns).

theanonym the Martial Artist (Octopode Monk)       Turns: 10707, Time: 00:15:45

Health: -4/73      AC:  1    Str: 25    XL:     10   Next: 79%
Magic:  9/15       EV: 16    Int: 31    God:    Cheibriados [*****.]
Gold:   470        SH: 11    Dex: 34    Spells: 9/9 levels left

rFire   + . .      SeeInvis .     - Unarmed
rCold   . . .      Faith    .   l - +3 buckler
rNeg    . . .      Spirit   .   (helmet restricted)
rPois   +          Reflect  .   (no amulet)
rElec   .          Harm     .   m - +6 ring of dexterity
rCorr   .          Rampage  .   e - ring "Figgojuq" {*Slow Fly rPois rF+ Int+7}
Will    .....                   (no ring)
Stlth   ++++......              (no ring)
HPRegen 0.22/turn               (no ring)
MPRegen 0.14/turn               (no ring)
                                (no ring)
                                (no ring)

@: flying, very slow
A: almost no armour, amphibious, 8 rings, camouflage 1, gelatinous body 1,
(nimble swimmer 1), tentacles
a: Renounce Religion, Bend Time, Temporal Distortion, Slouch, Step From Time


Innate Abilities, Weirdness & Mutations

You cannot wear most types of armour.
You are amphibious.
You can wear up to eight rings at the same time.
Your skin changes colour to match your surroundings (Stealth+).
Your rubbery body absorbs attacks. (AC +1, EV +1)
((You are camouflaged near water. (Stealth+)))
You have tentacles for arms and can constrict up to eight enemies at once.


   Skills:
 + Level 8.5 Fighting
 - Level 3.0 Dodging
 - Level 2.6 Stealth
 - Level 4.0 Shields
 * Level 11.4 Unarmed Combat
 + Level 7.2 Invocations


You had 9 spell levels left.
You didn't know any spells.
Your spell library contained the following spells:

 Spells                   Type           Power      Damage    Failure   Level
 Animate Skeleton         Necr           0%         N/A       9%          1
 Apportation              Tloc           0%         N/A       9%          1
 Corona                   Hex            0%         N/A       9%          1
 Sting                    Tmut/Pois      0%         1d3       9%          1
 Summon Small Mammal      Summ           0%         N/A       9%          1
 Poisonous Vapours        Pois/Air       0%         N/A       14%         2
 Dazzling Flash           Conj/Hex       0%         N/A       26%         3
 Frozen Ramparts          Ice            0%         1d2       26%         3
 Ignite Poison            Fire/Tmut/Pois 0%         N/A       26%         3
 Mephitic Cloud           Conj/Pois/Air  0%         N/A       26%         3
 Airstrike                Air            0%         N/A       65%         4
 Ice Form                 Ice/Tmut       0%         N/A       65%         4
 Olgreb's Toxic Radiance  Pois           0%         N/A       65%         4
 Summon Ice Beast         Ice/Summ       0%         N/A       65%         4
 Summon Lightning Spire   Summ/Air       0%         N/A       65%         4
 Agony                    Necr           0%         N/A       94%         5
 Bolt of Magma            Conj/Fire/Erth 0%         4d4       94%         5
 Lightning Bolt           Conj/Air       0%         1d11      94%         5
 Silence                  Hex/Air        0%         N/A       94%         5

Skill      XL: |  1  2  3  4  5  6  7  8  9 10 |
---------------+-------------------------------+-----
Unarmed Combat | 4 5 7 8 10 11 | 11.4
Shields        | 2 3 4 |  4.0
Fighting       | 4 5 6 7 8 |  8.5
Invocations    | 1 3 6 7 |  7.2
Dodging        | |  3.0
Stealth        | |  2.6

Action                   |  1- 3 |  4- 6 |  7- 9 | 10-12 || total
-------------------------+-------+-------+-------+-------++-------
Melee: Unarmed           |    66 |   101 |   228 |    71 ||   466
       Constrict         |    22 |    28 |    67 |     8 ||   125
       Tentacles         |    13 |    26 |    80 |    30 ||   149
       Punch             |     1 |     2 |    32 |    13 ||    48
Throw: Dart              |     4 |    11 |     6 |       ||    21
Invok: Temporal Distorti |       |       |     2 |     2 ||     4
       Slouch            |       |       |     2 |       ||     2
       Bend Time         |       |       |       |     2 ||     2
Evoke: Wand              |       |       |     3 |       ||     3
  Use: Scroll            |       |    14 |     9 |     1 ||    24
       Potion            |       |       |     6 |       ||     6
 Stab: Sleeping          |     9 |     9 |    14 |     4 ||    36
       Distracted        |       |     1 |     4 |       ||     5
       Paralysed         |       |       |     4 |       ||     4
       Invisible         |       |       |     1 |       ||     1
Armor: Skin              |     2 |     4 |    11 |     1 ||    18
Dodge: Dodged            |    39 |    51 |   124 |    18 ||   232
Block: Buckler           |     3 |    25 |   118 |    14 ||   160

Inventory:

Missiles
 j - 63 poisoned darts (quivered)
Armour
 l - a +3 buckler (worn)
Magical Staves
 h - a staff of poison
Jewellery
 e - the ring "Figgojuq" (right tentacle) {*Slow Fly rPois rF+ Int+7}

   [ring of flight]

   Int:       It affects your intelligence (+7).
   rF:        It protects you from fire.
   rPois:     It protects you from poison.
   Fly:       It grants you flight.
   *Slow:     It may slow you when you take damage.
 m - a +6 ring of dexterity (left tentacle)
Wands
 s - a wand of paralysis (4)
Scrolls
 c - 2 scrolls of immolation
 d - a scroll of holy word
 i - 3 scrolls of enchant armour
 t - 5 scrolls of teleportation
 u - 3 scrolls of summoning
Potions
 a - a potion of attraction {unknown}
 b - a potion of ambrosia
 f - 4 potions of magic
 g - a potion of might
 k - a potion of cancellation
 n - 2 potions of invisibility
 o - 2 potions of resistance
 p - a potion of degeneration {unknown}
 q - 2 potions of heal wounds
 w - 2 potions of curing


You were on level 8 of the Dungeon.
You worshipped Cheibriados.
Cheibriados was extremely pleased with you.
You visited 2 branches of the dungeon, and saw 9 of its levels.
You also visited: Sewer and Bailey.

You collected 470 gold pieces.

Dungeon Overview and Level Annotations

Branches:
Dungeon (8/15)             Temple (1/1) D:4           Sewer (visited)
 Bailey (visited)
   Lair: D:8-11

Altars:
Ashenzari
Cheibriados
Dithmenos
Elyvilon
Fedhas
Kikubaaqudgha
Makhleb
Nemelex Xobeh
Okawaru
Qazlal
Ru
Trog
Uskayaw
Wu Jian
Yredelemnul
Zin
The Shining One

Shops:
D:6

?* ##########
.........#####
###.........#
#.#.....#.###
#########....<†.....#####
.......Y@.......#.#......
######.##>#.......#######
#. #.##...##.# #Y
#.#.....#.####### #.
#.##.>.##........ #Y
#......[..####### #Y
#####[###.# #Y #.# #.#
#.###.#


You could see a yak (slow).

Notes
Turn   | Place    | Note
-------+----------+-------------------------------------------
     0 | D:1      | theanonym the Octopode Monk began the quest for the Orb.
     0 | D:1      | Reached XP level 1. HP: 16/16 MP: 1/1
    33 | D:1      | Reached XP level 2. HP: 21/21 MP: 2/2
   512 | D:1      | Found a faded altar of an unknown god.
  1034 | D:2      | Reached XP level 3. HP: 26/26 MP: 3/3
  1291 | D:2      | Reached skill level 4 in Unarmed Combat
  1340 | D:2      | HP: 11/26 [worm (3)]
  1590 | D:2      | Found a hide-covered altar of Uskayaw.
  1929 | D:2      | Reached XP level 4. HP: 22/32 MP: 4/4
  2426 | D:3      | Reached skill level 1 in Shields
  3159 | D:4      | Found a staircase to the Ecumenical Temple.
  3168 | Temple   | Entered the Ecumenical Temple
  3300 | Temple   | Became a worshipper of Cheibriados the Contemplative
  3300 | Temple   | Reached * piety under Cheibriados
  3300 | Temple   | Reached ** piety under Cheibriados
  3410 | D:4      | Noticed a black bear
  3416 | D:4      | HP: 16/33 [black bear (5)]
  3664 | D:4      | HP: 15/33 [black bear (2)]
  3666 | D:4      | Killed a black bear
  3667 | D:4      | Reached skill level 4 in Fighting
  3667 | D:4      | Reached skill level 2 in Shields
  3667 | D:4      | Reached XP level 5. HP: 17/37 MP: 5/5
  3775 | D:4      | Reached skill level 5 in Unarmed Combat
  3856 | D:4      | Found a basalt altar of Yredelemnul.
  3879 | D:4      | Reached XP level 6. HP: 37/43 MP: 6/6
  3991 | D:4      | Identified the +0 chain mail "Bushruan" {Regen+ Int+3}
  4019 | D:4      | Found a stormy altar of Qazlal.
  4128 | D:5      | Entered Level 5 of the Dungeon
  4136 | D:5      | HP: 18/43 [hound (6)]
  4358 | D:5      | Reached skill level 3 in Shields
  4393 | D:5      | HP: 21/43 [poisoned by an orc]
  4398 | D:5      | HP: 17/43 [poisoned by an orc]
  4589 | D:5      | Identified the +8 hunting sling of Indignation {speed,
                  | rCorr Dex+2}
  4654 | D:5      | Reached XP level 7. HP: 38/49 MP: 7/7
  4706 | D:5      | Found a glowing drain.
  4708 | D:5      | HP: 23/49 [orc/boomerang (6)]
  4715 | Sewer    | Entered a sewer
  4878 | Sewer    | Reached *** piety under Cheibriados
  4895 | Sewer    | Reached skill level 4 in Shields
  4895 | Sewer    | Reached skill level 6 in Unarmed Combat
  5337 | D:5      | Reached skill level 5 in Fighting
  5366 | D:5      | Reached **** piety under Cheibriados
  5478 | D:5      | Reached skill level 7 in Unarmed Combat
  5478 | D:5      | Reached skill level 1 in Invocations
  5478 | D:5      | Reached XP level 8. HP: 55/55 MP: 8/8
  5686 | D:5      | Reached skill level 2 in Invocations
  5801 | D:5      | Found a glowing golden altar of the Shining One.
  6488 | D:6      | Reached skill level 3 in Invocations
  6492 | D:6      | HP: 27/57 [poisoned by a water moccasin]
  6493 | D:6      | Reached skill level 6 in Fighting
  6493 | D:6      | Reached skill level 8 in Unarmed Combat
  6497 | D:6      | HP: 15/57 [poisoned by a water moccasin]
  6502 | D:6      | HP: 9/57 [poisoned by a water moccasin]
  6866 | D:6      | Reached XP level 9. HP: 52/62 MP: 11/11
  7079 | D:6      | Found a white marble altar of Elyvilon.
  7191 | D:6      | Found Xofuvog's Magic Scroll Boutique.
  7229 | D:6      | Found Asiwkiy's Elemental Accessories.
  7388 | D:6      | Reached skill level 4 in Invocations
  7465 | D:6      | Reached ***** piety under Cheibriados
  7818 | D:7      | Found an ancient bone altar of Kikubaaqudgha.
  7925 | D:7      | Found a flagged portal.
  7999 | D:7      | HP: 31/63 [wyvern zombie (3)]
  8023 | Bailey   | Entered a bailey
  8153 | Bailey   | Reached skill level 9 in Unarmed Combat
  8273 | Bailey   | HP: 27/63 [orc (8)]
  8421 | Bailey   | Acquired the ring "Figgojuq" {*Slow Fly rPois rF+ Int+7}
  8500 | Bailey   | Noticed an orc knight
  8508 | Bailey   | Killed an orc knight
  8509 | Bailey   | Reached skill level 7 in Fighting
  8509 | Bailey   | Reached skill level 5 in Invocations
  8531 | Bailey   | HP: 31/64 [orc[an orc warrior] (5)]
  8532 | Bailey   | HP: 11/64 [gnoll[an orc warrior] (5)]
  8546 | Bailey   | HP: 20/64 [orc (6)]
  8799 | Bailey   | HP: 29/64 [orc warrior (16)]
  8801 | Bailey   | Reached skill level 10 in Unarmed Combat
  8851 | Bailey   | Noticed an orc knight
  8863 | Bailey   | Killed an orc knight
  8864 | Bailey   | Reached skill level 6 in Invocations
  8864 | Bailey   | Reached XP level 10. HP: 35/72 MP: 14/14
  9056 | Bailey   | Noticed an orc knight
  9072 | Bailey   | HP: 20/72 [orc knight (24)]
  9075 | Bailey   | Killed an orc knight
  9415 | D:7      | Reached skill level 8 in Fighting
  9776 | D:7      | HP: 36/72 [something (6)]
 10389 | D:8      | Reached skill level 11 in Unarmed Combat
 10570 | D:8      | Noticed a boulder beetle
 10693 | D:8      | Reached skill level 7 in Invocations
 10695 | D:8      | HP: 33/73 [yak (10)]
 10701 | D:8      | HP: 29/73 [yak (5)]
 10706 | D:8      | HP: 9/73 [yak (8)]
 10707 | D:8      | Slain by a yak

Vanquished Creatures
  3 orc knights (Bailey)
  5 yaks (D:8)
  2 steam dragons (D:8)
  A water moccasin (D:6)
  9 orc warriors
  A sky beast (D:7)
  2 black bears
  A necrophage (D:5)
  3 ogres
  3 centaurs
  A phantom (D:6)
  3 kobold brigands
  3 bullfrogs (D:8)
  A scorpion (D:5)
  A wyvern zombie (D:7)
  2 howler monkeys (D:8)
  3 bullfrog zombies
  4 hounds
  3 bullfrog skeletons
  A centaur zombie (D:8)
  An orc priest (D:8)
  A gnoll shaman (D:5)
  An iron imp (D:5)
  A scorpion zombie (D:5)
  5 iguanas
  2 orc wizards (D:7)
  A hound zombie (D:5)
  A hound skeleton (D:5)
  A howler monkey zombie (D:7)
  5 gnolls
  6 adders
  A white imp (D:7)
  An ufetubus (D:4)
  3 worms
  7 dart slugs
  45 orcs
  6 ball pythons
  6 bats
  A bat zombie (D:7)
  6 endoplasms
  3 giant cockroaches (Sewer)
  7 goblins
  7 hobgoblins
  8 jackals
  A quokka (D:2)
  5 frilled lizards
  A goblin skeleton (D:5)
  3 goblin zombies (D:5)
  3 hobgoblin zombies (D:5)
  26 kobolds
  A kobold zombie (D:5)
  An orc skeleton (D:5)
  4 rats
  3 rat zombies (D:7)
226 creatures vanquished.

Vanquished Creatures (others)
  5 plants (D:6)
5 creatures vanquished.

Grand Total: 231 creatures vanquished

Table legend: (Time is in decaauts)
 A = Elapsed time spent in this place.
 B = Non-inter-level travel time spent in this place.
 C = Inter-level travel time spent in this place.
 D = Time resting spent in this place.
 E = Time spent auto-exploring this place.
 F = Levels seen in this place.
 G = Mean time per level.
                   A        B        C        D        E       F      G
               +--------+--------+--------+--------+--------+-----+--------+
         Total |  13213 |  12783 |    430 |   3223 |   7848 |  11 | 1201.2 |
       Dungeon |  10944 |  10539 |    405 |   1972 |   7225 |   8 | 1368.0 |
        Temple |    146 |    122 |     24 |      0 |    120 |   1 |  146.0 |
         Sewer |    645 |    645 |      0 |    244 |    285 |   1 |  645.0 |
        Bailey |   1477 |   1477 |      0 |   1005 |    217 |   1 | 1477.0 |
               +--------+--------+--------+--------+--------+-----+--------+

Top non-repeatable levels by time:
     D:6: 2380 daAuts
     D:7: 1850 daAuts
     D:5: 1625 daAuts
  Bailey: 1477 daAuts
     D:1: 1233 daAuts
     D:4: 1113 daAuts
     D:3: 1073 daAuts
     D:2: 945 daAuts
     D:8: 721 daAuts
   Sewer: 645 daAuts
  Temple: 146 daAuts
